 Dungeon Crawl Stone Soup version 0.30-a0-778-g2ef04afb54 (webtiles) character file.

Game seed: 167194000250384350

237 Smoke131 the Chucker (level 6, -2/61 HPs)
             Began as an Ogre Gladiator on Feb 16, 2023.
             Slain by a kobold brigand
             ... wielding a +0 whip of freezing
              (3 damage)
             ... in a sewer.
             The game lasted 00:06:29 (2420 turns).

Smoke131 the Chucker (Ogre Gladiator)               Turns: 2420, Time: 00:06:30

Health: -2/61      AC:  3    Str: 19    XL:     6   Next: 6%
Magic:  6/6        EV: 10    Int:  9    God:
Gold:   77         SH:  0    Dex: 12    Spells: 5/5 levels left

rFire   . . .      SeeInvis .    a - +0 war axe
rCold   . . .      Faith    .    (no shield)
rNeg    . . .      Spirit   .    b - +0 robe
rPois   .          Reflect  .    c - +0 hat
rElec   .          Harm     .    (no cloak)
rCorr   .          Rampage  .    (gloves unavailable)
Will    .....                    (boots unavailable)
Stlth   +                        (no amulet)
HPRegen 0.30/turn                (no ring)
MPRegen 0.10/turn                (no ring)

@: no status effects
A: large, unfitting armour, tough skin 1
a: no special abilities


You were in a sewer.
You visited 1 branch of the dungeon, and saw 3 of its levels.
You also visited: Sewer.

You collected 77 gold pieces.

Inventory:

Hand Weapons
 a - a +0 war axe (weapon)
Missiles
 d - 3 throwing nets
 e - 15 poisoned darts (quivered)
 h - 42 stones
 l - a boomerang
Armour
 b - a +0 robe (worn)
 c - a +0 hat (worn)
Scrolls
 j - 4 scrolls of identify {unknown}
 m - a scroll of amnesia {unknown}
 o - a scroll of poison {unknown}
 p - a scroll of enchant armour {unknown}
 r - a scroll of fear {unknown}
Potions
 f - a potion of heal wounds {unknown}
 g - 2 potions of curing {unknown}
 i - 2 potions of lignification {unknown}
 k - a potion of brilliance {unknown}
 n - 2 potions of berserk rage {unknown}
 q - a potion of mutation {unknown}
 s - a potion of might {unknown}


   Skills:
 - Level 3.0 Fighting
 - Level 3.0 Axes
 + Level 5.9 Throwing
 - Level 3.0 Dodging


You had 5 spell levels left.
You didn't know any spells.
Your spell library was empty.

Dungeon Overview and Level Annotations

Branches:
Dungeon (3/15)              Sewer (1/1)

Altars:


Innate Abilities, Weirdness & Mutations

You are too large for most types of armour.
You have tough skin. (AC +1)


Message History

Throw: 17 darts (poison)
Press: ? - help, Q - select action, (/) - cycle Shift-Dir - straight line, f - kobold brigand
Aim: a kobold brigand, wielding a +0 whip of freezing and quivering poisoned darts (lightly wounded, poisoned, 53% to hit)
You throw a poisoned dart.
The poisoned dart barely misses the kobold brigand.
The kobold brigand barely misses you.
The kobold hits you with a +0 short sword.
Throw: 16 darts (poison)
Press: ? - help, Q - select action, (/) - cycle Shift-Dir - straight line, f/p - kobold brigand
Aim: a kobold brigand, wielding a +0 whip of freezing and quivering poisoned darts (lightly wounded, poisoned, 53% to hit)
You throw a poisoned dart.
The poisoned dart hits the kobold brigand.
The kobold brigand looks even sicker.
The kobold brigand is lightly wounded.
You hit the kobold brigand.
The kobold brigand is moderately wounded.
You closely miss the kobold.
The kobold brigand hits you with a +0 whip of freezing.
The kobold brigand freezes you.
The kobold brigand hits you with a +0 whip of freezing.
The kobold brigand freezes you. The kobold barely misses you.
You slash the kobold brigand!
The kobold brigand is severely wounded.
You closely miss the kobold. x2; The kobold hits you but does no damage.
The kobold brigand misses you. The kobold hits you but does no damage.
You hit the kobold brigand but do no damage.
You punch the kobold brigand.
The kobold brigand is severely wounded.
You hit the kobold.
You kill the kobold!
You completely miss the kobold. The kobold hits you but does no damage.
The kobold brigand hits you with a +0 whip of freezing!
* * * LOW HITPOINT WARNING * * *
The kobold brigand freezes you.
* * * LOW HITPOINT WARNING * * *
The kobold hits you but does no damage.
The kobold brigand hits you with a +0 whip of freezing!
* * * LOW HITPOINT WARNING * * *
The kobold brigand freezes you.
You die...

≈≈≈≈≈≈≈≈ ≈≈≈ ≈≈≈
####### ### ###
#..#..# #!!#..#
#.....# ≈≈≈ !....
##...## ≈≈≈≈ ##...##
#.....# ≈≈≈≈≈#.....#
#.....#≈≈≈≈≈≈#..().#
###'###≈≈≈≈≈≈###K##
##..~≈≈≈≈≈≈≈≈≈~)@K#
#.))~≈≈≈≈≈≈≈≈≈~...#
#)..~≈≈≈≈≈≈≈≈~~...#
#...~≈≈≈≈≈≈≈~~....#
....~≈≈≈≈≈≈≈~....##
....~≈≈≈≈≈≈≈#....#
....~~≈≈≈≈≈≈##..##
#....~≈≈≈≈≈≈##..#
#....~≈≈≈≈≈##...#


You could see a kobold brigand (very poisoned) and a kobold.

Vanquished Creatures
  A kobold brigand (Sewer)
  5 river rats (Sewer)
  6 adders
  A dart slug (D:2)
  2 bats
  2 endoplasms
  3 giant cockroaches
  4 hobgoblins
  4 jackals (D:1)
  19 kobolds
  3 quokkas
  8 ball pythons
  21 rats
79 creatures vanquished.

Notes
Turn   | Place    | Note
-------+----------+-------------------------------------------
     0 | D:1      | Smoke131 the Ogre Gladiator began the quest for the Orb.
     0 | D:1      | Reached XP level 1. HP: 22/22 MP: 1/1
   294 | D:1      | Reached XP level 2. HP: 26/31 MP: 2/2
  1063 | D:2      | Reached XP level 3. HP: 27/37 MP: 3/3
  1067 | D:2      | Reached skill level 3 in Throwing
  1265 | D:2      | You fall into a shaft and drop 1 floor!
  1379 | D:3      | Reached XP level 4. HP: 37/45 MP: 4/4
  1395 | D:3      | Found a glowing drain.
  1403 | Sewer    | Entered a sewer
  1436 | Sewer    | Reached skill level 4 in Throwing
  1647 | Sewer    | Noticed a kobold brigand
  1658 | Sewer    | Killed a kobold brigand
  1659 | Sewer    | Reached skill level 5 in Throwing
  1659 | Sewer    | Reached XP level 5. HP: 33/53 MP: 5/5
  2258 | Sewer    | Reached XP level 6. HP: 43/61 MP: 6/6
  2420 | Sewer    | HP: 1/61 [kobold brigand/+0 whip of freezing (8)]
  2420 | Sewer    | Slain by a kobold brigand

Illustrated notes

Levels and vault maps discovered:
D:1:      minmay_arrival_five_plusses, layout_basic
D:2:      layout_loops_cross, minmay_hexomino_u4
D:3:      layout_loops_ring, hellmonk_ecumenical_altar_run_dry,
          gup_sewer_entry_bubbles
Sewer:    sewer_minmay_treatment

Skill      XL: |  1  2  3  4 |
---------------+-------------+-----
Fighting       | 3 |  3.0
Dodging        | 3 |  3.0
Throwing       | 3 5 |  5.9
Axes           | |  3.0

Action                     |  1- 3 |  4- 6 || total
---------------------------+-------+-------++-------
  Melee: War axe           |   125 |   109 ||   234
         Punch             |     2 |     3 ||     5
  Throw: Boomerang         |       |     8 ||     8
         Large rock        |       |     1 ||     1
         Dart              |       |    16 ||    16
 Armour: Robe              |    57 |    42 ||    99
  Dodge: Dodged            |   103 |    73 ||   176

Table legend: (Time is in decaauts)
 A = Elapsed time spent in this place.
 B = Non-inter-level travel time spent in this place.
 C = Inter-level travel time spent in this place.
 D = Time resting spent in this place.
 E = Time spent auto-exploring this place.
 F = Levels seen in this place.
 G = Mean time per level.
                   A        B        C        D        E       F      G
               +--------+--------+--------+--------+--------+-----+--------+
         Total |   2497 |   2497 |      0 |    585 |   1009 |   4 |  624.2 |
       Dungeon |   1447 |   1447 |      0 |     73 |    956 |   3 |  482.3 |
         Sewer |   1050 |   1050 |      0 |    512 |     53 |   1 | 1050.0 |
               +--------+--------+--------+--------+--------+-----+--------+

Top non-repeatable levels by time:
   Sewer: 1050 daAuts
     D:1: 1007 daAuts
     D:2: 289 daAuts
     D:3: 150 daAuts
